 Dungeon Crawl Stone Soup version 0.20-a0-739-g6bb112f (webtiles) character file.

4903 polly the Slicer (level 10, -4/84 HPs)
             Began as a Green Draconian Gladiator on Feb 25, 2017.
             Was a Priest of Trog.
             Slain by a salamander (shapeshifter) (14 damage)
             ... on level 9 of the Dungeon.
             The game lasted 00:12:48 (8006 turns).

polly the Slicer (Green Draconian Gladiator)        Turns: 8006, Time: 00:12:49

Health: -4/84      AC:  9    Str: 17    XL:     10   Next: 27%
Magic:  10/10      EV: 22    Int:  9    God:    Trog [***...]
Gold:   286        SH:  0    Dex: 15    Spells: 9/9 levels left

rFire    . . .     SeeInvis .   K - +0 great sword
rCold    . . .     Gourm    .   (armour unavailable)
rNeg     . . .     Faith    .   (shield currently unavailable)
rPois    +         Spirit   .   b - +0 hat
rElec    .         Reflect  .   v - +0 cloak
rCorr    .         Harm     .   a - +0 pair of gloves
MR       .....                  (no boots)
Stlth    ++........             (no amulet)
Regen    0.3/turn               t - +5 ring of evasion
MPRegen  0.2/turn               G - ring of loudness (curse)

@: no status effects
A: breathe noxious fumes, unfitting armour, poison resistance, cold-blooded, AC
+7
a: Breathe Noxious Fumes, Berserk, Trog's Hand, Burn Spellbooks, Renounce
Religion


You were on level 9 of the Dungeon.
You worshipped Trog.
Trog was most pleased with you.
You were very hungry.

You visited 1 branch of the dungeon, and saw 9 of its levels.

You collected 335 gold pieces.
You spent 49 gold pieces at shops.

Inventory:

Hand Weapons
 K - a +0 great sword (weapon)
Armour
 a - a +0 pair of gloves (worn)
 b - a +0 hat (worn)
 v - a +0 cloak (worn)
Jewellery
 k - a +5 ring of dexterity
 t - a +5 ring of evasion (right hand)
 G - a cursed ring of loudness (left hand)
 M - an uncursed ring of protection from cold {unknown}
 O - an uncursed ring of flight {unknown}
Wands
 C - a wand of confusion (27/48)
 L - a wand of paralysis (20/24)
 N - a wand of flame (21/48)
 P - a wand of polymorph (11/24)
Scrolls
 e - 2 scrolls of blinking
 h - 7 scrolls of teleportation
 i - 7 scrolls of identify
 s - a scroll of amnesia
 B - a scroll of magic mapping
 D - a scroll of acquirement
 F - 3 scrolls of recharging
 I - a scroll of summoning
Potions
 f - a potion of heal wounds
 g - 4 potions of berserk rage
 j - a potion of ambrosia {unknown}
 m - 4 potions of haste {unknown}
 o - 2 potions of brilliance {unknown}
 p - 2 potions of mutation {unknown}
 q - 2 potions of agility {unknown}
 r - a potion of resistance {unknown}
 u - 2 potions of invisibility {unknown}
 w - a potion of flight {unknown}
 x - 4 potions of curing {unknown}
 z - 2 potions of magic {unknown}
 A - 2 potions of might {unknown}
 E - a potion of degeneration {unknown}
 J - a potion of lignification {unknown}
Books
 y - a book of Flames

   Spells                             Type                      Level
   a - Flame Tongue                   Conjuration/Fire             1
   b - Throw Flame                    Conjuration/Fire             2
   c - Conjure Flame                  Conjuration/Fire             3
   d - Inner Flame                    Hexes/Fire                   3
   e - Sticky Flame                   Conjuration/Fire             4
   f - Fireball                       Conjuration/Fire             5
   Trog disapproves of the use of such an item.
 H - a book of Maledictions

   Spells                             Type                      Level
   a - Corona                         Hexes                        1
   b - Ensorcelled Hibernation        Hexes/Ice                    2
   c - Confuse                        Hexes                        3
   d - Tukima's Dance                 Hexes                        3
   e - Dazzling Spray                 Conjuration/Hexes            3
   Trog disapproves of the use of such an item.
Comestibles
 d - 8 bread rations
 l - 6 meat rations
 n - 4 royal jellies


   Skills:
 * Level 6.8 Fighting
   Level 8.6(9.8) Short Blades
 * Level 7.5(9.3) Long Blades
 + Level 1.8 Throwing
 * Level 7.4 Dodging
 + Level 3.8 Stealth


You had 9 spell levels left.
You didn't know any spells.

Dungeon Overview and Level Annotations

Branches:
Dungeon (9/15)             Temple (0/1) D:6
   Lair: D:8-11         Orc: D:9-12

Altars:
Ashenzari
Cheibriados
Fedhas
Makhleb
Nemelex Xobeh
Trog
Uskayaw
Yredelemnul
Zin
The Shining One

Shops:
D:5 *

Annotations:
D:8 Prince Ribbit


Innate Abilities, Weirdness & Mutations

You can breathe blasts of noxious fumes.
Your lurid green scales are hard. (AC +7)
You cannot fit into any form of body armour.
Your system is resistant to poisons. (rPois)
You are cold-blooded and may be slowed by cold attacks.


Message History

The salamander is lightly wounded.
The salamander struggles against the net.
You slash the salamander!
The salamander is moderately wounded.
The salamander struggles against the net.
You slash the salamander!
The salamander is heavily wounded.
The salamander struggles against the net.
You hit the salamander but do no damage.
The salamander is heavily wounded.
The salamander struggles against the net.
The net rips apart, and the salamander comes free!
The salamander barely misses you.
You riposte.
You slash the salamander!
The salamander is severely wounded.
You barely miss the salamander.
The salamander is severely wounded.
The salamander hits you!
* * * LOW HITPOINT WARNING * * *
You are engulfed in flames!
You die...

#.#........# ########
#..........#
##...!..####
#..........#
...........###
#..........#
.............#
#.........#
.....(.......#
#.........#
.......$.....#
#.#......##
.............#
#.#..)..##
..<..........###@##...##
#............##.N###.##
##................####
######...###..##.# #####
#### ##


You could see a salamander shaped shifter.

Vanquished Creatures
  An ugly thing (D:9)
  The ghost of dolemite99 the Insei, a novice DsMo of Makhleb (D:6)
  A hippogriff (D:8)
  A wyvern (D:6)
  Eustachio (D:4)
  A hornet zombie (D:9)
  A black bear (D:6)
  2 orc warriors (D:8)
  2 ice beasts
  2 phantoms (D:5)
  2 centaurs
  7 ogres
  2 bullfrogs
  A water moccasin zombie (D:5)
  2 scorpions
  16 killer bees
  5 wights (D:8)
  3 howler monkeys
  2 crimson imps
  A bullfrog zombie (D:5)
  3 hounds
  A jelly (D:6)
  Crazy Yiuf (D:3)
  An orc priest (D:6)
  6 orc wizards
  A centaur skeleton (D:4)
  Natasha (twice) (D:2)
  3 worker ants
  A hound zombie (D:6)
  A howler monkey zombie (D:8)
  Robin (D:2)
  15 adders
  4 gnolls
  2 adder zombies
  2 oozes
  3 worms
  4 dart slugs
  2 leopard geckos
  32 orcs
  8 bats
  6 giant cockroaches
  18 goblins
  9 hobgoblins
  14 jackals
  5 kobolds
  3 quokkas
  2 frilled lizards
  A jackal skeleton (D:6)
  A leopard gecko zombie (D:6)
  A quokka skeleton (D:8)
  12 rats
219 creatures vanquished.

Vanquished Creatures (others)
  Natasha (D:2)
  A kobold (D:2)
2 creatures vanquished.

Grand Total: 221 creatures vanquished

Notes
Turn   | Place    | Note
-------+----------+-------------------------------------------
     0 | D:1      | polly the Draconian Gladiator began the quest for the Orb.
     0 | D:1      | Reached XP level 1. HP: 17/17 MP: 1/1
   129 | D:1      | Reached XP level 2. HP: 6/25 MP: 2/2
   763 | D:2      | Reached XP level 3. HP: 30/30 MP: 3/3
  1005 | D:2      | Killed Natasha
  1091 | D:2      | Noticed Natasha
  1101 | D:2      | Killed Natasha
  1101 | D:2      | Reached XP level 4. HP: 30/37 MP: 4/4
  1183 | D:2      | Noticed Natasha
  1198 | D:2      | Killed Natasha
  1350 | D:2      | Noticed Robin
  1391 | D:2      | Killed Robin
  1569 | D:2      | Reached XP level 5. HP: 41/44 MP: 5/5
  2232 | D:3      | Found a runed door.
  2289 | D:3      | Found a glowing golden altar of the Shining One.
  2309 | D:3      | Reached skill level 1 in Stealth
  2320 | D:3      | Reached skill level 5 in Long Blades
  2972 | D:3      | Noticed Crazy Yiuf
  2993 | D:3      | Killed Crazy Yiuf
  3216 | D:3      | Reached XP level 6. HP: 44/51 MP: 6/6
  3541 | D:4      | Noticed Eustachio
  3570 | D:4      | Killed Eustachio
  3570 | D:4      | Your scales start taking on a lurid green colour.
  3570 | D:4      | Reached XP level 7. HP: 9/58 MP: 7/7
  3570 | D:4      | Gained mutation: Your system is resistant to poisons. (rPois) [Green Draconian growth]
  3859 | D:4      | Found a shattered altar of Ashenzari.
  3906 | D:4      | Found a bloodstained altar of Trog.
  3912 | D:4      | Found a blossoming altar of Fedhas.
  4039 | D:4      | Became a worshipper of Trog the Wrathful
  4471 | D:5      | Entered Level 5 of the Dungeon
  4488 | D:5      | Reached skill level 1 in Short Blades
  4527 | D:5      | Reached skill level 5 in Dodging
  4576 | D:5      | Reached skill level 2 in Short Blades
  4619 | D:5      | Reached skill level 3 in Short Blades
  4619 | D:5      | Reached XP level 8. HP: 59/67 MP: 8/8
  4718 | D:5      | Reached * piety under Trog
  4811 | D:5      | Reached skill level 4 in Short Blades
  4826 | D:5      | Reached skill level 5 in Fighting
  4876 | D:5      | Found Fyorhaum's Assorted Antiques.
  4879 | D:5      | Bought a scroll labeled SAMASUGOOSU for 26 gold pieces
  4879 | D:5      | Bought a bubbling red potion for 23 gold pieces
  4972 | D:5      | Found a snail-covered altar of Cheibriados.
  5067 | D:6      | Reached skill level 5 in Short Blades
  5278 | D:6      | Found a staircase to the Ecumenical Temple.
  5299 | D:6      | Noticed dolemite99's ghost (novice DsMo)
  5326 | D:6      | Killed dolemite99's ghost
  5326 | D:6      | Reached skill level 6 in Short Blades
  5326 | D:6      | Reached XP level 9. HP: 39/74 MP: 9/9
  5463 | D:6      | Reached ** piety under Trog
  5585 | D:6      | Reached skill level 7 in Short Blades
  6080 | D:7      | Found a glowing silver altar of Zin.
  6080 | D:7      | Noticed an angel
  6447 | D:7      | Found a burning altar of Makhleb.
  6448 | D:7      | Found a basalt altar of Yredelemnul.
  6526 | D:7      | Reached skill level 8 in Short Blades
  6870 | D:8      | Reached *** piety under Trog
  7172 | D:8      | Found a sparkling altar of Nemelex Xobeh.
  7198 | D:8      | Paralysed by a centaur for 3 turns
  7222 | D:8      | Noticed Prince Ribbit
  7259 | D:8      | Reached XP level 10. HP: 67/84 MP: 10/10
  7285 | D:8      | Found a hide-covered altar of Uskayaw.
  7660 | D:8      | Found a glowing golden altar of the Shining One.
  7961 | D:9      | Noticed a red ugly thing
  7994 | D:9      | Killed a red ugly thing
  7999 | D:9      | Noticed a salamander
  7999 | D:9      | a troll changed into a salamander
  8006 | D:9      | Slain by a salamander (shapeshifter)

Vault maps used:
D:1:      scummos_arrival_forest
D:2:      kennysheep_goblin_castle, first_bread, minmay_misc_feat_chi,
          lemuel_old_faithful, uniq_natasha
D:3:      nicolae_overflow_crystal_walls, minivault_19, corner_web_ring,
          minivault_26, uniq_crazy_yiuf_cottage
D:4:      minitemple, uniq_eustachio
D:5:      slow_altar_2, serial_shops, shop
D:6:      temple_pool_b
D:7:      zin_angel, chequers_temple_overflow_statue_of_worship
D:8:      nemelex_xobeh_ov_fountains_minmay, old_standard_altar,
          grunt_ogre_cave, tso_altar, uniq_prince_ribbit1
D:9:      old_standard_altar

Skill      XL: |  1  2  3  4  5  6  7  8  9 10 |
---------------+-------------------------------+-----
Dodging        | 3 4 5 6 7 |  7.4
Long Blades    | 4 5 6 7 |  7.5
Fighting       | 3 4 5 6 |  6.8
Stealth        | 1 2 3 |  3.8
Short Blades   | 3 6 8 |  8.6
Throwing       | |  1.8

Action                   |  1- 3 |  4- 6 |  7- 9 | 10-12 || total
-------------------------+-------+-------+-------+-------++-------
Melee: Long sword        |    87 |   186 |       |       ||   273
       Tailslap          |    10 |    39 |   100 |    21 ||   170
       Rapier            |       |       |   508 |       ||   508
       Great sword       |       |       |    30 |    87 ||   117
Throw: Throwing net      |       |     5 |       |     4 ||     9
  Use: Potion            |       |     3 |       |     1 ||     4
       Scroll            |       |     6 |       |     4 ||    10
 Stab: Sleeping          |     1 |     4 |     7 |       ||    12
       Distracted        |       |       |     3 |       ||     3
       Held in net/web   |       |       |       |     5 ||     5
  Eat: Chunk             |       |     9 |     9 |       ||    18
       Bread ration      |       |       |     1 |       ||     1
Armor: Skin              |    26 |    79 |    77 |    15 ||   197
Dodge: Dodged            |    65 |   241 |   431 |    89 ||   826
       Rpst.: Long sword |    25 |    72 |       |       ||    97
       Great sword       |       |       |     9 |    31 ||    40
